 Dungeon Crawl Stone Soup version 0.30.0-29-ga12c61a403 (webtiles) character file.

Game seed: 15051918523177511065

58 qw the Chopper (level 4, -5/28 HPs)
             Began as a Gargoyle Fighter on June 4, 2023.
             Killed from afar by Sigmund (7 damage)
             ... with a magic dart
             ... on level 3 of the Dungeon.
             The game lasted 00:00:49 (1643 turns).

qw the Chopper (Gargoyle Fighter)                   Turns: 1643, Time: 00:00:50

Health: -5/28      AC: 12    Str: 22    XL:     4   Next: 1%
Magic:  4/4        EV:  7    Int:  8    God:
Gold:   142        SH:  8    Dex:  9    Spells: 3/3 levels left

rFire   . . .        Y - +0 war axe
rCold   . . .        a - +0 kite shield
rNeg    + . .        j - +0 chain mail
rPois   inf          (no helmet)
rElec   +            (no cloak)
rCorr   .            (no gloves)
SInv    .            (no boots)
Will    .....        n - amulet of faith Stlth
                     (no ring)
HPRegen 0.24/turn    (no ring)
MPRegen 0.09/turn

%: faith
@: no status effects
A: sickness immunity, AC +3, negative energy resistance 1, electricity
resistance, torment resistance 1, petrification resistance
a: no special abilities


You were on level 3 of the Dungeon.
You visited 1 branch of the dungeon, and saw 3 of its levels.

You collected 142 gold pieces.


Innate Abilities, Weirdness & Mutations

You are immune to sickness and miasma.
Your stone body is resilient. (AC +3)
You are immune to poison.
You resist negative energy. (rN+)
You are resistant to electric shocks. (rElec)
You are resistant to unholy torment.
You are immune to petrification.


   Skills:
 - Level 3.2 Fighting
 - Level 3.6 Axes
 - Level 3.2 Armour
 + Level 3.4 Shields


You had 3 spell levels left.
You didn't know any spells.
Your spell library was empty.

Inventory:

Hand Weapons
 o - a +0 whip
 Y - a +0 war axe (weapon)
Armour
 a - a +0 kite shield (worn)
 j - a +0 chain mail (worn)
Jewellery
 n - an amulet of faith (around neck)
Scrolls
 b - 3 scrolls of teleportation
 c - a scroll of blinking {unknown}
 f - a scroll of identify
Potions
 d - a potion of might
 e - a potion of mutation
 g - a potion of curing
 h - a potion of haste
 l - 2 potions of ambrosia {unknown}

Dungeon Overview and Level Annotations

Branches:
Dungeon (3/15)

Altars:

Annotations:
D:3 Sigmund


Message History

Sigmund is lightly wounded.
Sigmund barely misses you.
You slash Sigmund!
Sigmund is severely wounded.
Sigmund casts a spell at you.
The magic dart hits you but does no damage.
Sigmund mumbles some strange words.
Sigmund flickers and vanishes!
Deactivating autopickup; reactivate with Ctrl-A.
You barely miss something. Something hits you.
You hit something. Something hits you but does no damage.
You closely miss something. You closely miss something.
You block something's attack.
You hit something. Something hits you.
You hit something but do no damage.
You hear some strange, mumbled words.
A puff of flame appears from out of thin air!
The puff of flame hits you. Something hits you.
You hit something. Something hits you but does no damage.
You closely miss something. Something hits you but does no damage.
You barely miss something. You barely miss something.
You block something's attack.
You barely miss something.
You hear some strange, mumbled words.
A magic dart appears from out of thin air!
The magic dart hits you. Something hits you.
You closely miss something. Something hits you but does no damage.
You hit something.
You hear some strange, mumbled words.
A magic dart appears from out of thin air!
The magic dart hits you!
You die...

#.#
#.###.#..#.
##.#
###..#...
#..#
#.....<.#
#.##
#..###.#..
#####.#
#...# #.###
#.....##
#### #..
###......##
###.
..........#
#.
.......@..#
#.....{%).#
#.........#
#.........#
#.........#
#....$....#
#.........#
#.....[!..#


There were no monsters in sight!

Vanquished Creatures
  2 adders (D:2)
  2 dart slugs
  3 ball pythons
  6 endoplasms
  A giant cockroach (D:3)
  4 goblins
  4 kobolds (D:1)
  4 quokkas
  A bat (D:1)
  A frilled lizard (D:1)
  6 rats
34 creatures vanquished.

Notes
Turn   | Place    | Note
-------+----------+-------------------------------------------
     0 | D:1      | qw the Gargoyle Fighter began the quest for the Orb.
     0 | D:1      | Reached XP level 1. HP: 14/14 MP: 1/1
     0 | D:1      | 0 ||| qw: Version: 0.2-a-107-g4668610
     0 | D:1      | 0 ||| qw: Game counter: 1250
     0 | D:1      | 0 ||| qw: Always use a shield: true
     0 | D:1      | 0 ||| qw: God list: Okawaru
     0 | D:1      | 0 ||| qw: Allow faded altars: false
     0 | D:1      | 0 ||| qw: Do Orc after D:15 true
     0 | D:1      | 0 ||| qw: Do second Lair branch before Depths: true
     0 | D:1      | 0 ||| qw: Lair rune preference: random
     0 | D:1      | 0 ||| qw: Plans: Normal, Zot:1-4, Slime:5, God:TSO, Crypt,
                  | Tomb, Abyss, Pan, Hells, Win
     0 | D:1      | 0 ||| PLANNING D:1-11
   170 | D:1      | Reached XP level 2. HP: 18/19 MP: 2/2
   462 | D:1      | 462 ||| Stepping ~*~*~tactically~*~*~ (hiding).
   723 | D:1      | 723 ||| UPGRADING to +0 chain mail.
   733 | D:1      | 733 ||| DROPPING +0 scale mail.
   734 | D:1      | 734 ||| UPGRADING to amulet of guardian spirit.
   739 | D:1      | 739 ||| UPGRADING to amulet of faith.
   749 | D:1      | 749 ||| DROPPING amulet of guardian spirit.
   750 | D:1      | 750 ||| DROPPING ring of flight.
   751 | D:1      | 751 ||| READING scroll labelled QUAS EMUIB.
   752 | D:1      | 752 ||| READING scroll labelled CISOWA TOT ERUSEA.
   753 | D:1      | 753 ||| READING scroll labelled RETHRE VUEPSIT.
  1027 | D:2      | Reached skill level 3 in Axes
  1027 | D:2      | Reached XP level 3. HP: 23/23 MP: 3/3
  1483 | D:2      | 1483 ||| UPGRADING to +0 kite shield.
  1493 | D:2      | 1493 ||| DROPPING +0 buckler.
  1494 | D:2      | 1494 ||| READING 4 scrolls labelled DOKKUOZXECW.
  1495 | D:2      | 1495 ||| READING scroll labelled KASHRO DINAG.
  1496 | D:2      | 1496 ||| DRINKING 2 smoky yellow potions.
  1497 | D:2      | 1497 ||| READING 3 scrolls of identify.
  1497 | D:2      | 1497 ||| IDENTIFYING inky potion
  1498 | D:2      | 1498 ||| READING 2 scrolls of identify.
  1498 | D:2      | 1498 ||| IDENTIFYING white potion
  1535 | D:3      | 1535 ||| Stepping ~*~*~tactically~*~*~ (hiding).
  1543 | D:3      | 1543 ||| Stepping ~*~*~tactically~*~*~ (hiding).
  1606 | D:3      | Noticed Sigmund
  1614 | D:3      | Reached XP level 4. HP: 28/28 MP: 4/4
  1636 | D:3      | HP: 6/28 [something/puff of flame (5)]
  1636 | D:3      | HP: 1/28 [something (5)]
  1641 | D:3      | HP: 2/28 [something/magic dart (1)]
  1643 | D:3      | Killed from afar by Sigmund

Levels and vault maps discovered:
D:1:      lemuel_arrival_broad_hall, layout_basic
D:2:      kennysheep_six_static_rooms, layout_basic
D:3:      layout_rooms, ebering_ghost_disaster_area, patterned_corridor,
          uniq_sigmund, uniq_grinder

Skill      XL: |  1  2 |
---------------+-------+-----
Axes           | 2 3 |  3.6
Fighting       | |  3.2
Armour         | |  3.2
Shields        | |  3.4

Action                     |  1- 3 |  4- 6 || total
---------------------------+-------+-------++-------
  Melee: War axe           |   101 |    29 ||   130
    Use: Scroll            |     7 |       ||     7
         Potion            |     1 |       ||     1
 Armour: Scale mail        |    37 |       ||    37
         Chain mail        |    25 |     5 ||    30
  Dodge: Dodged            |    36 |     5 ||    41
  Block: Buckler           |    22 |       ||    22
         Kite shield       |     3 |     6 ||     9

Table legend:
 A = Non-vault XP
 B = Vault XP
 C = Vault XP percentage of total XP
 D = Non-vault monster count
 E = Vault monster count
 F = Vault count percentage of total count
                 A         B        C        D         E       F
            +---------+---------+-------+---------+---------+-------
      Total |      74 |       9 |  10.8 |      28 |       6 |  17.6
            +---------+---------+-------+---------+---------+-------
        D:1 |      20 |       0 |   0.0 |      12 |       0 |   0.0
        D:2 |      44 |       9 |  17.0 |      11 |       6 |  35.3
        D:3 |      10 |       0 |   0.0 |       5 |       0 |   0.0
            +---------+---------+-------+---------+---------+-------
